 Dungeon Crawl Stone Soup version 0.24.0-10-g970556be89 (webtiles) character file.

Game seed: 14638879798882354867, levelgen mode: deterministic

25008 Inarius the Reanimator (level 12, -2/88 HPs)
             Began as a Mummy Necromancer on Nov 4, 2019.
             Was an Initiate of Gozag.
             Slain by a minotaur (25 damage)
             ... in a Gauntlet.
             The game lasted 00:49:49 (19660 turns).

Inarius the Reanimator (Mummy Necromancer)         Turns: 19660, Time: 00:49:49

Health: -2/88      AC: 13    Str: 11      XL:     12   Next: 85%
Magic:  10/27      EV: 18    Int: 23 (25) God:    Gozag
Gold:   2760       SH:  0    Dex: 20      Spells: 23/33 levels left

rFire    . . .     SeeInvis .   p - +4 scimitar (vamp)
rCold    + . .     Gourm    .   (no shield)
rNeg     + + +     Faith    .   b - +0 ring mail
rPois    ∞         Spirit   .   (no helmet)
rElec    .         Reflect  .   n - +0 cloak
rCorr    .         Harm     .   F - +2 pair of gloves {Dex+3}
MR       +....     NoTele   +   u - +2 pair of boots {Fly}
Stlth    +++.......             (no amulet)
HPRegen  0.24/turn              d - ring of protection from fire
MPRegen  0.20/turn              k - +5 ring of intelligence

@: agile, flying, very slightly contaminated, invisible
A: no food or potions, fire vulnerability, cold resistance 1, negative energy
resistance 3, torment resistance, unbreathing
a: Potion Petition, Call Merchant, Bribe Branch, Renounce Religion


You were in a Gauntlet.
You worshipped Gozag.
Gozag was most pleased with you.
You were not hungry.

You visited 3 branches of the dungeon, and saw 14 of its levels.
You also visited: Gauntlet.

You collected 3208 gold pieces.
You spent 301 gold pieces at shops.
You paid 147 gold pieces to Gozag.

Inventory:

Hand Weapons
 o - a +0 war axe of draining
 p - a +4 vampiric scimitar (weapon)
 z - a +4 scimitar of flaming
 B - a +2 morningstar
 E - a cursed +5 spear
Armour
 b - a +0 ring mail (worn)
 n - a +0 cloak (worn)
 u - a +2 pair of boots of flying (worn)
 C - a scarf of cloud immunity
 F - a +2 pair of gloves of dexterity (worn)
Magical Staves
 j - an uncursed staff of cold
Jewellery
 d - a ring of protection from fire (left hand)
 e - the ring "Cuirohoq" {MR++ Str-3 SInv}
   (You found it in a Gauntlet)

   [ring of see invisible]

   It affects your strength (-3).
   It affects your resistance to hostile enchantments.
   It lets you see invisible.
 k - a +5 ring of intelligence (right hand)
 l - an uncursed ring of see invisible
 r - an uncursed ring of magical power
 v - an uncursed ring of magical power
 x - the ring of the Villain {Int+3 Stlth-}
   (You found it in a Gauntlet)

   [ring of attention]

   It affects your intelligence (+3).
   It makes you less stealthy.
Wands
 t - a wand of random effects (24)
Scrolls
 a - a scroll of vulnerability {unknown}
 g - 6 scrolls of teleportation
 h - 4 scrolls of fog
 i - 3 scrolls of remove curse
 m - 3 scrolls of fear
 q - a scroll of summoning {unknown}
 s - 2 scrolls of amnesia
 w - a scroll of noise
 y - 2 scrolls of enchant armour
Miscellaneous
 f - a sack of spiders


   Skills:
 + Level 6.1 Fighting
   Level 1.5(3.0) Short Blades
 + Level 4.1(4.2) Long Blades
 - Level 3.0 Axes
 - Level 0.1(1.8) Maces & Flails
 - Level 4.4 Armour
 + Level 4.4 Dodging
 - Level 1.6 Stealth
 - Level 11.0 Spellcasting
 * Level 14.9 Necromancy
 * Level 2.4 Earth Magic
 + Level 3.8 Evocations


You had 23 spell levels left.
You knew the following spells:

 Your Spells              Type           Power        Failure   Level  Hunger
a - Pain                  Necr           ####         1%          1    N/A
b - Animate Skeleton      Necr           N/A          1%          1    N/A
c - Vampiric Draining     Necr           ######....   1%          3    N/A
d - Borgnjor's Vile Clut  Necr/Erth      ######....   9%          5    N/A

Your spell library contained the following spells:

 Spells                   Type           Power        Failure   Level  Hunger
 Animate Dead             Necr           N/A          1%          4    N/A
 Death Channel            Necr           ######....   3%          6    N/A
 Summon Small Mammal      Summ           ##..         11%         1    N/A
 Call Imp                 Summ           ##......     17%         2    N/A
 Call Canine Familiar     Summ           ##......     32%         3    N/A
 Recall                   Summ/Tloc      N/A          32%         3    N/A
 Summon Guardian Golem    Hex/Summ       ##......     32%         3    N/A
 Simulacrum               Ice/Necr       #####.....   63%         6    N/A
 Summon Ice Beast         Ice/Summ       ##......     73%         4    N/A
 Summon Lightning Spire   Summ/Air       ##......     73%         4    N/A
 Regeneration             Chrm/Necr      Unusable     N/A         3    N/A

Dungeon Overview and Level Annotations

Branches:
Dungeon (11/15)            Temple (1/1) D:4            Lair (2/6) D:10
 Shoals (0/4) Lair:2       Spider (0/4) Lair:2      Gauntlet (1/1)
    Orc: D:9-12

Altars:
Ashenzari
Cheibriados
Dithmenos
Elyvilon
Fedhas
Gozag
Hepliaklqana
Kikubaaqudgha
Makhleb
Nemelex Xobeh
Okawaru
Qazlal
Ru
Sif Muna
Trog
Uskayaw
Vehumet
Wu Jian
Xom
Yredelemnul
Zin
The Shining One

Shops:
D:3 *   D:9 [

Annotations:
Gauntlet 6 transporters


Innate Abilities, Weirdness & Mutations

You do not eat or drink.
Your flesh is vulnerable to fire.
You are immune to poison.
Your flesh is cold resistant. (rC+)
You are immune to negative energy. (rN+++)
You are immune to unholy pain and torment.
You can survive without breathing.


Message History

The minotaur gores you!
* * * LOW HITPOINT WARNING * * *
Casting: Vampiric Draining (safe; 1% risk of failure)
Confirm with . or Enter, or press ? or * to list all spells.
Aiming: Vampiric Draining (safe; 1% risk of failure)
Press: ? - help, Shift-Dir - straight line, f/p - minotaur
Aim: a minotaur, wearing a +0 chain mail (severely wounded)
The minotaur is almost dead.
You feel life coursing into your body. The minotaur misses you.
The minotaur closely misses you.
Unknown command.
Casting: Vampiric Draining (safe; 1% risk of failure)
Confirm with . or Enter, or press ? or * to list all spells.
Aiming: Vampiric Draining (safe; 1% risk of failure)
Press: ? - help, Shift-Dir - straight line, f/p - minotaur
Aim: a minotaur, wearing a +0 chain mail (almost dead)
The minotaur is almost dead.
You feel life coursing into your body. The minotaur hits you!!
You die...
Your body crumbles into a pile of gold.

### ## #≈..#
#....##..###..#
#.##.....##≈..# #
..##.##..###..# #..##
#....##..##≈..#
#....##.##.....###..#
#....##.##....#..#
######.(.(##...©#..#
#∩H@.'(##.......#...
######.##.##....#.∩.
#....##...©#..#
#.##.......#..#
...##.##..###..#
.##....##..##§..#
#.##.....###§.#
..##.##..##§..# ##..#


You could see a minotaur.

Vanquished Creatures
  Erica (Lair:1)
  A two-headed ogre (D:11)
  A soul eater (Gauntlet)
  A fire crab (Gauntlet)
  An unseen horror (D:11)
  2 glowing orange brains (Gauntlet)
  3 ugly things
  An oklob plant (D:10)
  A manticore (D:9)
  A cyclops (D:11)
  Joseph (D:6)
  Maurice (D:9)
  A black mamba (Lair:1)
  5 spiny frogs
  An efreet (D:8)
  A troll (D:9)
  A queen bee (D:10)
  6 hippogriffs
  A wraith (D:10)
  33 yaks
  2 fire bats (Gauntlet)
  A steam dragon (D:8)
  A basilisk (Lair:1)
  Menkaure (D:7)
  2 wargs (D:10)
  A soldier ant (D:11)
  5 water moccasins
  3 porcupines
  6 orc warriors
  5 sky beasts
  2 ice beasts
  2 phantoms
  6 ogres
  2 black bears (D:7)
  7 centaurs
  A crocodile (Lair:1)
  2 big kobolds
  8 bullfrogs
  5 scorpions
  21 killer bees (D:10)
  2 vampire bats (D:2)
  15 wights
  6 howler monkeys
  7 crimson imps
  4 quasits
  5 hounds
  3 jellies
  3 centaur skeletons
  6 orc priests
  9 orc wizards
  2 bullfrog skeletons
  Jessica (D:3)
  12 worker ants
  3 iguanas
  A killer bee zombie (D:9)
  A hound zombie (D:10)
  A howler monkey skeleton (D:10)
  13 adders
  4 shadow imps (Gauntlet)
  3 oozes
  2 adder skeletons
  5 dart slugs
  A worm (D:3)
  4 leopard geckos
  42 orcs
  11 bats
  5 bat skeletons (D:2)
  2 bat zombies (D:2)
  4 giant cockroaches
  18 goblins
  11 hobgoblins
  13 jackals
  13 kobolds
  8 quokkas
  3 ball pythons
  4 frilled lizards
  2 leopard gecko skeletons
  2 quokka skeletons
  4 rats
402 creatures vanquished.

Vanquished Creatures (collateral kills)
  An ugly thing (Gauntlet)
  A bat (D:2)
  A hobgoblin (D:1)
3 creatures vanquished.

Vanquished Creatures (others)
  A fungus (Gauntlet)
  A plant (Lair:2)
2 creatures vanquished.

Grand Total: 407 creatures vanquished

Notes
Turn   | Place    | Note
-------+----------+-------------------------------------------
     0 | D:1      | Inarius the Mummy Necromancer began the quest for the Orb.
     0 | D:1      | Reached XP level 1. HP: 13/13 MP: 4/4
   130 | D:1      | Reached XP level 2. HP: 14/19 MP: 0/5
   331 | D:1      | Learned a level 1 spell: Animate Skeleton
  1033 | D:1      | Reached XP level 3. HP: 20/24 MP: 0/7
  1088 | D:1      | Learned a level 3 spell: Vampiric Draining
  1232 | D:1      | Reached skill level 5 in Necromancy
  1884 | D:2      | Reached XP level 4. HP: 22/30 MP: 2/8
  2182 | D:2      | Found an ancient bone altar of Kikubaaqudgha.
  2342 | D:3      | Found Zin's Purification Station.
  2342 | D:3      | Found a glowing silver altar of Zin.
  2471 | D:3      | Found a shadowy altar of Dithmenos.
  2776 | D:3      | Noticed Jessica
  2782 | D:3      | Killed Jessica
  2782 | D:3      | Reached skill level 1 in Armour
  2782 | D:3      | Reached XP level 5. HP: 35/35 MP: 5/9
  3031 | D:2      | Reached skill level 1 in Short Blades
  3031 | D:2      | Reached skill level 6 in Necromancy
  3441 | D:4      | Found a shattered altar of Ashenzari.
  3524 | D:4      | Noticed an ogre
  3622 | D:3      | Killed an ogre
  3622 | D:3      | Reached XP level 6. HP: 11/42 MP: 0/10
  3904 | D:4      | Found a shimmering blue altar of Sif Muna.
  3915 | D:4      | Found a staircase to the Ecumenical Temple.
  3923 | Temple   | Entered the Ecumenical Temple
  4138 | D:4      | Reached skill level 1 in Fighting
  4510 | D:5      | Entered Level 5 of the Dungeon
  4619 | D:5      | Noticed a water moccasin
  4666 | D:5      | Reached skill level 7 in Necromancy
  4666 | D:5      | Reached XP level 7. HP: 42/48 MP: 7/12
  5230 | D:6      | Reached skill level 8 in Necromancy
  5262 | D:6      | Reached skill level 1 in Axes
  5319 | D:5      | Reached XP level 8. HP: 35/54 MP: 15/15
  5437 | D:5      | Reached skill level 5 in Spellcasting
  5810 | D:6      | Found an opulent altar of Gozag.
  5937 | D:6      | Became a worshipper of Gozag Ym Sagoz the Greedy
  6168 | D:6      | Found a glowing golden altar of the Shining One.
  6661 | D:7      | Noticed Joseph
  6677 | D:6      | Killed Joseph
  6677 | D:6      | Reached skill level 9 in Necromancy
  6677 | D:6      | Reached XP level 9. HP: 52/62 MP: 8/17
  8216 | D:7      | Noticed Menkaure
  8290 | D:7      | Killed Menkaure
  8557 | D:7      | Reached skill level 10 in Necromancy
  8985 | D:7      | Found a sparkling altar of Nemelex Xobeh.
  9594 | D:8      | Noticed an efreet
  9596 | D:8      | Noticed a cyan ugly thing
  9604 | D:8      | Killed an efreet
  9604 | D:8      | Reached skill level 1 in Evocations
  9980 | D:8      | Reached XP level 10. HP: 63/70 MP: 21/21
 10401 | D:9      | Reached skill level 11 in Necromancy
 10407 | D:9      | Found an opulent altar of Gozag.
 10807 | D:8      | Killed a cyan ugly thing
 11987 | D:9      | Noticed a manticore
 11996 | D:9      | Killed a manticore
 12166 | D:9      | Identified the cursed +1 chain mail of the Ecumenical
                  | Temple {*Corrode MR+++ Str+6 Int-5}
 12178 | D:9      | Found a shimmering altar of Xom.
 12254 | D:9      | Found a shimmering altar of Xom.
 12254 | D:9      | Found a shimmering altar of Xom.
 12267 | D:9      | Found a shimmering altar of Xom.
 12360 | D:9      | Found Jowicria's Armour Shoppe.
 12362 | D:9      | Bought a +2 pair of gloves of dexterity for 301 gold pieces
 12529 | D:10     | Entered Level 10 of the Dungeon
 12529 | D:10     | Found a stormy altar of Qazlal.
 12529 | D:10     | Noticed an oklob plant
 12592 | D:10     | Reached skill level 12 in Necromancy
 12989 | D:10     | Got a fine mace
 12990 | D:10     | Identified the cursed +1 mace of Riagh {freeze, +Blink rC-
                  | rN+} (You found it on level 10 of the Dungeon)
 13033 | D:10     | Noticed Maurice
 13238 | D:9      | Reached skill level 1 in Long Blades
 13238 | D:9      | Reached XP level 11. HP: 68/76 MP: 24/24
 13251 | D:9      | Killed Maurice
 13891 | D:10     | Got a tiger eye-encrusted leather armour
 13921 | D:10     | Found a staircase to the Lair.
 14928 | D:10     | Killed an oklob plant
 14971 | D:11     | Killed an unseen horror
 14971 | D:11     | Reached skill level 13 in Necromancy
 15115 | D:11     | Noticed a purple ugly thing
 15148 | D:11     | Killed a purple ugly thing
 15229 | D:11     | Reached skill level 5 in Fighting
 15515 | D:11     | Identified the cursed +0 leather armour of Gozag's Pride
                  | {*Contam +Blink rN++ MR+} (You found it on level 10 of the
                  | Dungeon)
 15644 | D:11     | Noticed a two-headed ogre
 16066 | D:11     | Killed a two-headed ogre
 16066 | D:11     | Reached skill level 10 in Spellcasting
 16066 | D:11     | Reached XP level 12. HP: 69/86 MP: 26/26
 16303 | D:11     | Noticed a two-headed ogre
 16375 | D:11     | Reached skill level 14 in Necromancy
 17200 | Lair:1   | Entered Level 1 of the Lair of Beasts
 18323 | Lair:1   | Learned a level 5 spell: Borgnjor's Vile Clutch
 18484 | Lair:1   | Noticed Erica
 18487 | Lair:1   | Reached skill level 1 in Earth Magic
 18491 | Lair:1   | Killed Erica
 18808 | Lair:2   | Found a gate leading to a gauntlet.
 18835 | Gauntlet | Entered a Gauntlet
 18835 | Gauntlet | Found a transporter.
 18835 | Gauntlet | Found a transporter.
 18835 | Gauntlet | Found a transporter.
 18845 | Gauntlet | Found a transporter.
 18848 | Gauntlet | Found a transporter.
 18856 | Gauntlet | Found a transporter.
 18859 | Gauntlet | Found a transporter.
 18867 | Gauntlet | Found a transporter.
 18876 | Gauntlet | Noticed an anaconda
 18879 | Gauntlet | Noticed a two-headed ogre
 18879 | Gauntlet | an anaconda changed into a two-headed ogre
 18880 | Gauntlet | a two-headed ogre changed into a glowing shapeshifter
 18881 | Gauntlet | Noticed a two-headed ogre
 18881 | Gauntlet | a glowing shapeshifter changed into a two-headed ogre
 18884 | Gauntlet | Noticed an ettin
 18884 | Gauntlet | a two-headed ogre changed into an ettin
 18885 | Gauntlet | Found a transporter.
 18885 | Gauntlet | an ettin changed into a wolf spider
 18886 | Gauntlet | Noticed a great orb of eyes
 18886 | Gauntlet | a wolf spider changed into a great orb of eyes
 18902 | Gauntlet | Found a transporter.
 18905 | Gauntlet | Found a transporter.
 18915 | Gauntlet | Found a transporter.
 18960 | Gauntlet | Noticed a tengu warrior
 19382 | Gauntlet | Got a transparent glass ring
 19515 | Gauntlet | Identified the ring "Cuirohoq" {MR++ Str-3 SInv} (You found
                  | it in a Gauntlet)
 19579 | Gauntlet | Got a transparent copper ring
 19581 | Gauntlet | Identified the ring of the Villain {Int+3 Stlth-} (You
                  | found it in a Gauntlet)
 19631 | Gauntlet | Noticed a catoblepas
 19640 | Gauntlet | Noticed a minotaur
 19660 | Gauntlet | Slain by a minotaur

Levels and vault maps discovered:
D:1:      dpeg_arrival_rhombus, layout_basic, feat_on_display
D:2:      layout_basic, kennysheep_vampire_church
D:3:      layout_basic, zin_purify, marbit_many_paths, first_ration,
          minmay_fractal_squares_gapless_5, uniq_jessica
D:4:      layout_rooms, old_standard_altar, kennysheep_mini,
          minmay_temple_entry_mini_moons
D:5:      layout_cave_pools, serial_column_ruins, column_ruins_pillar_1,
          column_ruins_pillar_12, column_ruins_pillar_7, column_ruins_pillar_2,
          column_ruins_pillar_8, column_ruins_pillar_1, column_ruins_pillar_6,
          column_ruins_pillar_1, column_ruins_pillar_3, column_ruins_pillar_1,
          column_ruins_pillar_3, column_ruins_pillar_4, column_ruins_pillar_7,
          column_ruins_pillar_3, column_ruins_pillar_6, column_ruins_pillar_2,
          column_ruins_pillar_6, grunt_decor_one_mirror, minmay_ogre_servants
D:6:      layout_loops_ring, kennysheep_mini_moat, nicolae_gozag_seed_capital
D:7:      layout_cave_pools, nemelex_xobeh_ov_fountains_minmay,
          kennysheep_generic_room_2, uniq_menkaure, uniq_joseph
D:8:      cheibrodos_barr_body, layout_basic
D:9:      layout_rooms, nicolae_overflow_crystal_walls, xom_redecorated,
          serial_shops, shop, feat_on_display
D:10:     layout_long_grid, erik_lair_orcish_takeover, david_nohive_1,
          lemuel_oklob_altar, uniq_maurice
D:11:     layout_basic
Temple:   nicolae_temple_figure_eight
Lair:1:   layout_roguey, hangedman_lair_generics_rect, uniq_erica
Lair:2:   layout_roguey, elwin_shoals_entry_stream,
          spider_nest_entry_funnel_web, gauntlet_entry_generic,
          grunt_megastairs_4, minmay_lair_oklob_chamber
Gauntlet: minmay_gauntlet_mixed_big_or_small [gammafunk_gauntlet_arena_teeth,
          minmay_gauntlet_arena_77_museum, nicolae_gauntlet_arena_x,
          minmay_gauntlet_arena_77_hold_the_fort,
          nicolae_gauntlet_arena_flowing_pool,
          minmay_gauntlet_arena_77_two_paths, gauntlet_exit_green]

Skill      XL: |  1  2  3  4  5  6  7  8  9 10 11 12 |
---------------+-------------------------------------+-----
Spellcasting   | 3 4 5 7 9 10 11 | 11.0
Necromancy     | 5 6 7 8 9 10 12 13 14 | 14.9
Armour         | 1 2 3 4 |  4.4
Dodging        | 2 3 4 |  4.4
Short Blades   | 1 |  1.5
Fighting       | 1 2 3 5 6 |  6.1
Axes           | 1 3 |  3.0
Evocations     | 1 3 |  3.8
Long Blades    | 1 3 4 |  4.1
Earth Magic    | 2 |  2.4
Maces & Flails | |  0.1
Stealth        | |  1.6

Action                   |  1- 3 |  4- 6 |  7- 9 | 10-12 || total
-------------------------+-------+-------+-------+-------++-------
Melee: Unarmed           |     3 |       |       |       ||     3
       Club              |     5 |       |       |       ||     5
       Dagger            |    30 |    43 |       |       ||    73
       Short sword       |       |    58 |       |       ||    58
       War axe           |       |       |   416 |   280 ||   696
       Scimitar          |       |       |       |   550 ||   550
 Cast: Pain              |    75 |    88 |    64 |    88 ||   315
       Animate Skeleton  |     2 |     4 |       |       ||     6
       Vampiric Draining |     2 |     4 |    42 |   190 ||   238
Invok: Potion Petition   |       |       |       |     1 ||     1
Evoke: Wand              |       |       |     9 |    45 ||    54
       Sack of spiders   |       |       |       |     4 ||     4
  Use: Scroll            |       |     1 |     3 |    22 ||    26
 Stab: Sleeping          |       |     1 |       |       ||     1
       Paralysed         |       |       |     4 |    32 ||    36
       Distracted        |       |       |       |     3 ||     3
       Invisible         |       |       |       |     1 ||     1
Armor: Robe              |    11 |    83 |       |       ||    94
       Ring mail         |       |    18 |   279 |   522 ||   819
Dodge: Dodged            |    33 |   142 |   311 |   751 ||  1237
       Rpst.: Scimitar   |       |       |       |   149 ||   149
